Map: Neon Violet Square LE

Players

Erebus

  • Race: Zerg Zerg
  • League: Platinum
  • Spawn Location: 5:00

XFilez - Winner!

  • Race: Terran Terran
  • League: Diamond
  • Spawn Location: 11:00

VOD

Have the link to the VOD?

Description

Time

  • Played on: Dec. 11, 2017, 5:23 a.m.
  • Length: 26:06
Show
View Real Time Build Order
Export as new Build Order

Erebus Zerg 

Build Orders: Hatch First 

Get SALT Encoding   

  12  0:08  Overlord  
  12  0:14  Drone  
  13  0:18  Drone  
  14  0:27  Drone  
  15  0:31  Drone  
  16  0:42  Drone  
  17  0:55  Hatchery  
  16  0:58  Drone  
  16  1:00  Extractor  
  16  1:06  Drone  
  17  1:14  Drone  
  18  1:21  Spawning Pool  
  17  1:26  Drone  
  18  1:35  Drone  
  19  1:45  Overlord  
  19  2:09  Zergling x4  
  19  2:11  Queen x2  
  19  2:12  Metabolic Boost  
  25  2:16  Drone  
  25  2:18  Drone  
  27  2:24  Drone  
  27  2:29  Drone x2  
  30  2:40  Drone x2  
  32  2:56  Drone x2  
  34  2:59  Pneumatized Carapace  
  34  3:02  Queen  
  36  3:12  Overlord  
  34  3:32  Drone  
  34  3:33  Hatchery, Baneling Nest  
  33  3:35  Zergling x4  
  33  3:36  Overlord  
  36  3:45  Spine Crawler  
  36  3:48  Spine Crawler  
  34  3:52  Spine Crawler  
  29  3:59  Zergling x18  
  36  4:17  Spine Crawler  
  36  4:21  Extractor  
  36  4:23  Baneling x5  
  36  4:24  Baneling x2  
  34  4:38  Overlord  
  34  4:39  Overlord  
  34  4:40  Overlord  
  26  4:54  Zergling x6  
  24  5:04  Queen  
  24  5:16  Zergling x8  
  26  5:24  Baneling  
  26  5:25  Drone  
  27  5:39  Drone  
  28  5:45  Zergling x6  
  28  5:49  Baneling x8  
  31  6:01  Zergling x2  
  32  6:15  Overlord  
  32  6:30  Hatchery  
  32  6:32  Lair  
  31  6:54  Drone  
  31  6:55  Drone x5  
  37  7:10  Drone x3  
  40  7:26  Drone x2  
  42  7:51  Drone  
  42  7:52  Drone x4  
  42  7:54  Queen  
  49  8:04  Zergling x6  
  52  8:12  Hydralisk Den  
  52  8:13  Extractor  
  52  8:14  Drone x2  
  52  8:15  Extractor  
  51  8:29  Queen  
  52  8:40  Overlord  
  52  8:41  Overlord  
  52  8:43  Overlord  
  52  8:51  Evolution Chamber  
  52  8:54  Evolution Chamber  
  50  9:02  Muscular Augments  
  50  9:03  Spore Crawler, Zergling x10  
  50  9:04  Zergling x2  
  50  9:08  Baneling  
  50  9:09  Baneling, Hatchery  
  54  9:10  Overlord  
  54  9:21  Drone x3  
  57  9:31  Zerg Ground Armor Level 1, Zerg Melee Weapons Level 1  
  57  9:33  Drone  
  57  9:35  Drone x3  
  61  9:57  Zergling x6  
  61  9:58  Zergling x10  
  69  10:08  Hydralisk x3  
  75  10:33  Hydralisk x3  
  75  10:35  Overlord  
  81  10:37  Overlord  
  81  10:38  Overlord  
  81  10:39  Overlord  
  80  10:52  Baneling x9  
  80  10:53  Baneling x7  
  80  10:57  Drone x3  
  83  11:16  Spore Crawler  
  82  11:18  Infestation Pit  
  82  11:19  Zergling x12  
  82  11:20  Zergling x4  
  89  11:26  Zerg Melee Weapons Level 2  
  89  11:35  Drone  
  89  11:36  Drone x3  
  89  11:37  Drone  
  94  11:43  Overseer  
  94  11:53  Overseer  
  94  11:54  Overseer  
  94  11:56  Hydralisk x3  
  100  12:04  Drone x5  
  100  12:05  Drone  
  106  12:14  Zerg Ground Armor Level 2  
  106  12:20  Drone x4  
  110  12:29  Baneling x7  
  110  12:30  Centrifical Hooks  
  110  12:36  Hive  
  110  12:38  Zergling x4  
  112  12:44  Extractor  
  112  12:45  Extractor  
  112  12:46  Drone x2  
  112  12:48  Drone x2  
  112  12:50  Overlord  
  114  12:52  Overlord  
  113  13:46  Hydralisk x7  
  113  13:47  Hydralisk  
  113  13:48  Overlord x5  
  119  14:05  Hydralisk Den  
  118  14:29  Zergling x32  
  118  14:30  Zergling x4  
  118  14:31  Overseer x6  
  136  14:34  Queen  
  136  14:35  Drone x2  
  136  15:06  Drone x3  
  139  15:28  Overlord x5  
  108  15:39  Zergling x18  
  113  15:53  Spore Crawler  
  113  15:55  Spore Crawler  
  111  16:04  Spore Crawler  
  111  16:07  Spore Crawler  
  111  16:08  Baneling x18  
  109  16:15  Zerg Ground Armor Level 3, Zerg Melee Weapons Level 3  
  109  16:23  Spore Crawler  
  108  16:38  Spore Crawler  
  108  16:39  Spore Crawler  
  106  16:42  Spore Crawler  
  74  16:57  Hydralisk  
  74  16:58  Hydralisk x7, Zergling x8  
  74  16:59  Hydralisk x2, Zergling x12  
  74  17:00  Zergling x2  
  104  17:10  Adrenal Glands  
  104  17:20  Hydralisk x8  
  120  17:31  Ultralisk Cavern  
  120  17:35  Hatchery, Extractor  
  117  17:40  Spore Crawler  
  116  17:47  Hydralisk x3, Zergling x2  
  116  17:48  Hydralisk x2, Zergling x10  
  116  17:49  Zergling x4  
  134  17:52  Baneling  
  134  17:53  Baneling x2  
  134  18:02  Overseer  
  134  18:19  Zergling x22  
  145  18:20  Overlord  
  145  18:47  Hatchery  
  144  18:49  Hydralisk x2, Zergling x2  
  144  18:50  Zergling x4  
  151  19:05  Overseer  
  151  19:11  Overlord x5  
  151  19:29  Baneling x11  
  151  19:30  Baneling x7  
  146  20:00  Ultralisk x2  
  134  20:42  Hydralisk x10  
  128  20:48  Baneling x3  
  143  20:56  Zergling x2  
  143  20:57  Zergling x4  
  145  21:04  Drone x3  
  146  21:37  Baneling x4  
  146  21:38  Drone  
  146  21:39  Drone x9  
  156  21:45  Zergling x6  
  159  21:55  Extractor  
  159  21:56  Overlord  
  159  21:58  Extractor  
  146  22:34  Zergling x30  
  161  22:38  Ultralisk  
  167  22:51  Spore Crawler  
  167  22:54  Spore Crawler  
  164  23:00  Hydralisk x2  
  164  23:01  Hydralisk x3  
  143  23:14  Zergling x2  
  143  23:15  Zergling x14  
  143  23:16  Zergling x2  
  143  23:17  Baneling  
  152  23:31  Baneling  
  152  23:32  Baneling x7  
  152  23:33  Queen  
  154  23:46  Overlord x3  
  154  23:52  Zerg Missile Weapons Level 1  
  154  23:59  Queen  
  146  24:45  Queen  
  148  24:49  Baneling x2  
  148  25:19  Hydralisk x10  
  168  25:21  Zergling x4  
  168  25:25  Hatchery  
  168  25:27  Extractor  
  168  25:28  Extractor  
  167  25:36  Hatchery  
  167  25:38  Extractor  
  167  25:39  Extractor  
Show
View Real Time Build Order
Export as new Build Order

XFilez Terran - Winner!

Build Orders:  

Get SALT Encoding   

  12  0:06  SCV  
  13  0:18  SCV  
  14  0:24  Supply Depot  
  14  0:30  SCV  
  15  0:46  SCV  
  15  0:47  Barracks  
  16  0:55  Barracks  
  16  1:07  Supply Depot, SCV  
  17  1:19  SCV  
  18  1:26  Barracks  
  18  1:42  Marine  
  18  1:44  Marine  
  18  1:45  Barracks  
  20  1:52  Orbital Command  
  20  2:00  Marine  
  21  2:07  Marine  
  22  2:14  Marine  
  23  2:19  Supply Depot  
  23  2:20  Marine  
  24  2:26  Marine  
  25  2:30  SCV  
  25  2:32  Marine  
  25  2:36  Marine  
  28  2:38  Marine  
  29  2:53  Marine x2  
  29  2:55  Barracks  
  31  3:00  Supply Depot, SCV  
  32  3:08  Marine x2  
  32  3:11  Marine x2  
  36  3:33  Marine x2  
  38  4:02  Marine  
  39  4:04  Marine x4  
  43  4:10  Command Center  
  43  4:24  Marine x4  
  47  4:32  Refinery  
  47  4:34  Refinery  
  47  4:36  Supply Depot  
  47  4:47  Marine  
  47  4:48  Marine, SCV  
  28  5:26  Marine x2  
  28  5:27  Marine x3  
  32  5:37  Orbital Command  
  32  5:44  Marine x2  
  34  6:02  Marine  
  30  6:20  SCV  
  30  6:23  Marine x2  
  33  6:29  Factory, SCV  
  34  6:34  Command Center  
  34  6:38  Command Center  
  34  6:41  SCV  
  35  6:49  Bunker  
  35  6:59  Supply Depot  
  35  7:05  Engineering Bay  
  35  7:09  Supply Depot  
  35  7:22  Bunker  
  35  7:24  Supply Depot  
  35  7:33  Marine  
  36  7:41  Missile Turret, Barracks Reactor x2  
  36  7:43  Missile Turret, Factory Tech Lab  
  36  7:50  Hi-Sec Auto Tracking  
  36  7:57  Missile Turret  
  36  7:58  Barracks Tech Lab  
  36  8:00  Barracks Reactor  
  36  8:03  Siege Tank  
  36  8:04  Orbital Command  
  39  8:09  Barracks Reactor  
  39  8:15  Missile Turret  
  39  8:17  Missile Turret  
  39  8:23  Missile Turret  
  39  8:34  Marine x5  
  40  8:35  Siege Tank  
  40  8:41  Orbital Command  
  47  8:51  Marine, Missile Turret  
  47  8:52  Marine x2, Missile Turret  
  50  8:56  Orbital Command  
  50  8:57  Concussive Shells  
  50  8:59  Marine x5, Marauder  
  57  9:09  Marine, Starport  
  58  9:20  Marauder  
  60  9:25  Missile Turret  
  60  9:26  SCV  
  60  9:27  Missile Turret  
  60  9:29  SCV  
  62  9:33  Refinery  
  62  9:34  SCV x2  
  64  9:38  SCV  
  64  9:41  SCV  
  66  9:46  SCV  
  66  9:50  SCV  
  66  9:52  Starport Reactor  
  68  9:53  Siege Tank  
  68  9:56  Combat Shields  
  71  10:03  Engineering Bay  
  71  10:05  Refinery  
  71  10:06  Refinery  
  71  10:07  SCV  
  72  10:19  SCV  
  73  10:23  Refinery  
  73  10:25  SCV x2  
  75  10:30  Siege Tank  
  75  10:31  SCV  
  75  10:33  Medivac  
  81  10:37  SCV x2  
  81  10:39  Armory  
  83  10:43  SCV  
  83  10:47  Missile Turret  
  84  10:50  Terran Infantry Weapons Level 1  
  84  10:51  Missile Turret  
  84  10:55  SCV x2  
  84  10:56  SCV  
  87  11:07  SCV  
  87  11:08  SCV x2  
  87  11:09  Medivac x2  
  94  11:13  Terran Infantry Armor Level 1  
  94  11:15  Stimpack  
  94  11:17  Marine x2, Marauder  
  94  11:18  Marine x5  
  101  11:19  Orbital Command  
  101  11:20  SCV  
  101  11:24  Supply Depot  
  101  11:25  Supply Depot x2  
  104  11:27  Supply Depot  
  104  11:29  Terran Vehicle Weapons Level 1  
  104  11:33  Siege Tank  
  107  11:45  SCV  
  108  11:48  Marine x2  
  108  11:49  Marine x2, Marauder  
  108  11:52  Marine  
  115  11:57  SCV  
  115  11:58  Medivac x2  
  120  12:02  Supply Depot  
  120  12:03  Supply Depot  
  120  12:07  Supply Depot  
  120  12:10  SCV  
  121  12:29  Marine x3  
  125  12:30  Marine x5, Marauder  
  131  12:47  Marine x2  
  131  12:49  Marine x6  
  141  12:51  Marauder  
  141  13:04  Supply Depot  
  141  13:05  Marine x2  
  143  13:07  Marine, Supply Depot  
  144  13:13  Marine x3, Marauder  
  144  13:15  Terran Infantry Weapons Level 2, Terran Infantry Armor Level 2  
  148  13:43  Unknown  
  146  14:22  Marine x5, Marauder  
  146  14:23  Marine x3  
  152  14:40  Marine  
  122  15:43  Marine x2  
  122  15:44  Marine x2, Marauder  
  122  15:47  Siege Tank  
  131  16:01  Orbital Command  
  131  16:16  Marine x6, Marauder  
  131  16:17  Marine x2  
  141  16:19  Siege Tank  
  141  16:22  Terran Vehicle Weapons Level 2  
  141  16:24  Factory  
  141  16:25  Terran Infantry Armor Level 3, Terran Infantry Weapons Level 3  
  144  16:26  Factory  
  144  16:27  Supply Depot x2, Factory  
  144  16:34  Marine x3  
  128  16:51  Siege Tank  
  98  17:15  Marine x4, Marauder  
  101  17:16  Factory Tech Lab x2  
  104  17:23  Siege Tank  
  104  17:25  Factory Tech Lab  
  104  17:28  Barracks  
  107  17:30  SCV  
  108  17:40  Marine x4, Marauder  
  108  17:41  Marine x4  
  108  17:42  SCV, Siege Tank x2  
  125  17:49  Command Center  
  125  17:55  Siege Tank  
  125  17:58  Marine x3, SCV  
  128  18:01  Siege Tank  
  128  18:03  Marine x3  
  128  18:04  Marine x2, Marauder  
  128  18:05  Medivac x2  
  146  18:10  SCV  
  146  18:11  Refinery  
  146  18:12  Refinery  
  147  18:14  Siege Tank  
  147  18:16  Marine x2  
  152  18:23  Supply Depot, SCV  
  152  18:24  Marine  
  152  18:25  Marine x5, Marauder  
  152  18:26  Supply Depot  
  161  18:34  Marine x2, Siege Tank x3  
  162  18:38  Medivac  
  174  18:42  Marine x2  
  174  18:43  Marine  
  174  18:46  Siege Tank  
  180  18:57  Missile Turret  
  180  18:58  Missile Turret  
  180  19:06  Siege Tank x3  
  189  19:18  Siege Tank  
  191  19:56  Siege Tank x3  
  200  20:26  Missile Turret  
  200  20:33  Missile Turret x2  
  200  20:34  Missile Turret  
  200  20:35  Missile Turret  
  180  20:37  Missile Turret  
  169  21:11  Siege Tank x4  
  176  21:27  Orbital Command  
  176  21:36  Marine x8, Marauder  
  176  21:38  Terran Vehicle Weapons Level 3  
  186  21:43  Siege Tank x3  
  186  21:45  Barracks Reactor  
  195  21:49  Siege Tank  
  195  21:52  SCV  
  195  21:53  Marine  
  200  22:17  Missile Turret  
  200  22:18  Missile Turret  
  200  22:23  Missile Turret  
  200  22:35  Orbital Command  
  200  23:03  Command Center  
  197  23:24  Missile Turret  
  197  23:37  SCV, Refinery  
  200  23:48  Marauder  
  200  23:56  Building Armor  
  200  23:57  Neosteel Frame  
  195  24:40  Command Center  
  195  24:42  Orbital Command, Command Center  
  195  24:53  SCV  
  196  25:03  Missile Turret  
  196  25:04  Missile Turret  
  196  25:06  SCV  
  197  25:16  Refinery  
  197  25:17  Refinery  
  197  25:18  SCV  
  198  25:30  SCV  
  199  25:42  SCV  
Tags
 
Add a new tag
Caveats
  • Supply blocks, unpowered buildings, or Contaminate may cause inaccurate times.
  • Supply counts are checked every 10 seconds.